CAL (WIN)
WINSTON-SALEM DASH @ LAKELAND FLYING TIGERS
12/30/2046
 
TOP OF THE 1ST
Winston-Salem Dash batting - Pitching for Lakeland Flying Tigers : RHP Jared Barger
Pitching: RHP Jared Barger
Batting: RHB Jeremy Hoffert 0-0: Ball
1-0: Ball
2-0: Swinging Strike
2-1: Ball
3-1: Called Strike
3-2: Fly out, F8 (Flyball, 8LM, EV 96.9 MPH)
Batting: LHB Larry Myers 0-0: DOUBLE (Line Drive, 78XD, EV 107.5 MPH)
Batting: LHB Josh Pittman 0-0: Foul Ball, location: 2F
0-1: Foul Ball, location: 2F
0-2: Foul Ball, location: 2F
0-2: Ball
1-2: Fly out, F9 (Flyball, 89M, EV 93.8 MPH)
Batting: LHB Herkko Haavikko 0-0: 2-RUN HOME RUN (Line Drive, 89XD, EV 109.4 MPH), Distance : 430 ft
Batting: LHB Jason Bell 0-0: Ball
1-0: Foul Ball, location: 2F
1-1: Swinging Strike
1-2: Strikes out swinging
Top of the 1st over - 2 runs, 2 hits, 0 errors, 0 left on base; Winston-Salem 2 - Lakeland 0
BOTTOM OF THE 1ST
Lakeland Flying Tigers batting - Pitching for Winston-Salem Dash : RHP Alfie Bungledorf
Pitching: RHP Alfie Bungledorf
Batting: RHB Brandon O'Malley 0-0: Ball
1-0: Ball
2-0: Foul Ball, location: 2F
2-1: Fly out, F7 (Flyball, 7D, EV 93.1 MPH)
Batting: RHB Adam MacConnell 0-0: Called Strike
0-1: Called Strike
0-2: Foul Ball, location: 2F
0-2: Ball
1-2: Foul Ball, location: 2F
1-2: Ball
2-2: Strikes out swinging
Batting: LHB Frank McConnell 0-0: Ball
1-0: Ball
2-0: Swinging Strike
2-1: Called Strike
2-2: Foul Ball, location: 2F
2-2: Foul Ball, location: 2F
2-2: Ball
3-2: Base on Balls
Batting: RHB Luke Feeney 0-0: Ball
1-0: Ball
2-0: Ball
3-0: Base on Balls
Frank McConnell to second
Batting: SHB Chris Wagler 0-0: Swinging Strike
0-1: Ball
1-1: Called Strike
1-2: Fly out, F9 (Line Drive, 9LS, EV 99.4 MPH)
Bottom of the 1st over - 0 runs, 0 hits, 0 errors, 2 left on base; Winston-Salem 2 - Lakeland 0
TOP OF THE 2ND
Winston-Salem Dash batting - Pitching for Lakeland Flying Tigers : RHP Jared Barger
Batting: LHB Matt Hyde 0-0: Called Strike
0-1: Ball
1-1: Called Strike
1-2: Strikes out swinging, 2-3 out at first.
Batting: RHB Tatsunori Hayakawa 0-0: Called Strike
0-1: Ground out 3-1 (Groundball, 34, EV 80.0 MPH)
Batting: RHB Russ Cornett 0-0: Ball
1-0: Called Strike
1-1: Swinging Strike
1-2: SINGLE (Groundball, 6M, EV 96.9 MPH)
Batting: SHB Josh Conner 0-0: Called Strike
0-1: Ball
1-1: Foul Ball, location: 2F
1-2: Ball
2-2: Ground out 1-3 (Groundball, 34S, EV 70.6 MPH)
Top of the 2nd over - 0 runs, 1 hit, 0 errors, 1 left on base; Winston-Salem 2 - Lakeland 0
BOTTOM OF THE 2ND
Lakeland Flying Tigers batting - Pitching for Winston-Salem Dash : RHP Alfie Bungledorf
Batting: RHB John Evancho 0-0: Ball
1-0: Ball
2-0: Ground out U3 (Groundball, 34S, EV 73.8 MPH)
Batting: RHB Carlos Armenteros 0-0: Swinging Strike
0-1: Called Strike
0-2: Fly out, F8 (Flyball, 8LM, EV 89.4 MPH)
Batting: RHB Jamie Villagrana 0-0: Ground out 4-3 (Groundball, 4MS, EV 70.0 MPH)
Bottom of the 2nd over - 0 runs, 0 hits, 0 errors, 0 left on base; Winston-Salem 2 - Lakeland 0
TOP OF THE 3RD
Winston-Salem Dash batting - Pitching for Lakeland Flying Tigers : RHP Jared Barger
Batting: RHB Jeremy Hoffert 0-0: Called Strike
0-1: Foul Ball, location: 2F
0-2: Strikes out swinging
Batting: LHB Larry Myers 0-0: Ball
1-0: Ball
2-0: Ball
3-0: Fly out, F7 (Flyball, 7D, EV 100.0 MPH)
Batting: LHB Josh Pittman 0-0: Called Strike
0-1: Ball
1-1: Ball
2-1: Called Strike
2-2: Ball
3-2: Foul Ball, location: 2F
3-2: SOLO HOME RUN (Flyball, 9LD, EV 91.2 MPH), Distance : 336 ft
Batting: LHB Herkko Haavikko 0-0: Called Strike
0-1: Foul Ball, location: 2F
0-2: Foul Ball, location: 2F
0-2: Strikes out swinging
Top of the 3rd over - 1 run, 1 hit, 0 errors, 0 left on base; Winston-Salem 3 - Lakeland 0
BOTTOM OF THE 3RD
Lakeland Flying Tigers batting - Pitching for Winston-Salem Dash : RHP Alfie Bungledorf
Batting: LHB Afanasy Zasekin 0-0: Fly out, F7 (Flyball, 78M, EV 91.9 MPH)
Batting: RHB Brandon O'Malley 0-0: Foul Ball, location: 2F
0-1: Ball
1-1: Ball
2-1: Ball
3-1: Base on Balls
Batting: RHB Adam MacConnell 0-0: Called Strike
Brandon O'Malley is caught stealing 2nd base 2-4
0-1: Foul Ball, location: 2F
0-2: Ball
1-2: Ball
2-2: Strikes out swinging
Bottom of the 3rd over - 0 runs, 0 hits, 0 errors, 0 left on base; Winston-Salem 3 - Lakeland 0
TOP OF THE 4TH
Winston-Salem Dash batting - Pitching for Lakeland Flying Tigers : RHP Jared Barger
Batting: LHB Jason Bell 0-0: Ball
1-0: Called Strike
1-1: Foul Ball, location: 2F
1-2: Strikes out swinging
Batting: LHB Matt Hyde 0-0: Ball
1-0: Foul Ball, location: 2F
1-1: Ball
2-1: Ground out 6-3 (Groundball, P, EV 81.2 MPH)
Batting: RHB Tatsunori Hayakawa 0-0: Swinging Strike
0-1: Foul Ball, location: 2F
0-2: Strikes out swinging
Top of the 4th over - 0 runs, 0 hits, 0 errors, 0 left on base; Winston-Salem 3 - Lakeland 0
BOTTOM OF THE 4TH
Lakeland Flying Tigers batting - Pitching for Winston-Salem Dash : RHP Alfie Bungledorf
Batting: LHB Frank McConnell 0-0: Called Strike
0-1: Foul Ball, location: 2F
0-2: Strikes out looking
Batting: RHB Luke Feeney 0-0: Ball
1-0: Fly out, F8 (Line Drive, 8RM, EV 91.2 MPH)
Batting: SHB Chris Wagler 0-0: Called Strike
0-1: Swinging Strike
0-2: Ball
1-2: Ground out 3-1 (Groundball, 34, EV 84.4 MPH)
Bottom of the 4th over - 0 runs, 0 hits, 0 errors, 0 left on base; Winston-Salem 3 - Lakeland 0
TOP OF THE 5TH
Winston-Salem Dash batting - Pitching for Lakeland Flying Tigers : RHP Jared Barger
Batting: RHB Russ Cornett 0-0: Called Strike
0-1: Ball
1-1: Foul Ball, location: 2F
1-2: Strikes out swinging
Batting: SHB Josh Conner 0-0: Ball
1-0: Ball
2-0: Called Strike
2-1: Foul Ball, location: 2F
2-2: Foul Ball, location: 2F
2-2: Ground out 5-3 (Groundball, 56, EV 88.8 MPH)
Batting: RHB Jeremy Hoffert 0-0: SOLO HOME RUN (Flyball, 89XD, EV 98.8 MPH), Distance : 412 ft
Batting: LHB Larry Myers 0-0: Ball
1-0: Foul Ball, location: 2F
1-1: Ball
2-1: Called Strike
2-2: Foul Ball, location: 2F
2-2: Foul Ball, location: 2F
2-2: Ball
3-2: Foul Ball, location: 2F
3-2: Foul Ball, location: 2F
3-2: SINGLE (Groundball, 4MD, EV 99.4 MPH)
Batting: LHB Josh Pittman 0-0: Ball
1-0: Called Strike
1-1: Ball
2-1: Foul Ball, location: 2F
2-2: Ball
3-2: SINGLE (Line Drive, 5D, EV 106.2 MPH)
Larry Myers to second
Larry Myers to third
Batting: LHB Herkko Haavikko 0-0: Fly out, F8 (Flyball, 8RM, EV 82.5 MPH)
Top of the 5th over - 1 run, 3 hits, 0 errors, 2 left on base; Winston-Salem 4 - Lakeland 0
BOTTOM OF THE 5TH
Lakeland Flying Tigers batting - Pitching for Winston-Salem Dash : RHP Alfie Bungledorf
Batting: RHB John Evancho 0-0: SINGLE (Groundball, 5S, EV 74.4 MPH) (infield hit)
Batting: RHB Carlos Armenteros 0-0: Called Strike
0-1: Swinging Strike
0-2: Ball
1-2: Ball
2-2: Strikes out swinging
Batting: RHB Jamie Villagrana 0-0: Called Strike
0-1: Swinging Strike
0-2: Ball
1-2: Strikes out swinging
Batting: LHB Afanasy Zasekin 0-0: Ball
1-0: Fly out, F3 (Popup, 34S, EV 85.0 MPH)
Bottom of the 5th over - 0 runs, 1 hit, 0 errors, 1 left on base; Winston-Salem 4 - Lakeland 0
TOP OF THE 6TH
Winston-Salem Dash batting - Pitching for Lakeland Flying Tigers : RHP Jared Barger
Batting: LHB Jason Bell 0-0: Fly out, F8 (Flyball, 8RD, EV 96.2 MPH)
Batting: LHB Matt Hyde 0-0: Swinging Strike
0-1: Foul Ball, location: 2F
0-2: Ball
1-2: SINGLE (Groundball, 4MD, EV 103.8 MPH)
Batting: RHB Tatsunori Hayakawa 0-0: Called Strike
0-1: Ball
1-1: Ball
2-1: Swinging Strike
2-2: Ball
3-2: Base on Balls
Matt Hyde to second
Batting: RHB Russ Cornett 0-0: Grounds into double play, 4-6-3 (Groundball, 4, EV 89.4 MPH)
Top of the 6th over - 0 runs, 1 hit, 0 errors, 1 left on base; Winston-Salem 4 - Lakeland 0
BOTTOM OF THE 6TH
Lakeland Flying Tigers batting - Pitching for Winston-Salem Dash : RHP Alfie Bungledorf
Batting: RHB Brandon O'Malley 0-0: Called Strike
0-1: Foul Ball, location: 2F
0-2: Strikes out swinging
Batting: RHB Adam MacConnell 0-0: Ball
1-0: Called Strike
1-1: Hit by Pitch
Batting: LHB Frank McConnell 0-0: Fielders Choice at 2nd, 4-6 (Groundball, 4, EV 85.0 MPH)
Batting: RHB Luke Feeney 0-0: Called Strike
0-1: Ball
1-1: Foul Ball, location: 2F
1-2: Ball
2-2: Foul Ball, location: 2F
2-2: Strikes out swinging
Bottom of the 6th over - 0 runs, 0 hits, 0 errors, 1 left on base; Winston-Salem 4 - Lakeland 0
TOP OF THE 7TH
Winston-Salem Dash batting - Pitching for Lakeland Flying Tigers : RHP Jared Barger
Pitching: RHP Nate Mull
Batting: SHB Josh Conner 0-0: Fly out, F4 (Popup, 4S, EV 73.8 MPH)
Batting: RHB Jeremy Hoffert 0-0: Foul Ball, location: 2F
0-1: Ball
1-1: Ground out 6-3 (Groundball, 6S, EV 86.2 MPH)
Batting: LHB Larry Myers 0-0: Ball
1-0: Ball
2-0: Ground out U3 (Groundball, 3, EV 87.5 MPH)
Top of the 7th over - 0 runs, 0 hits, 0 errors, 0 left on base; Winston-Salem 4 - Lakeland 0
BOTTOM OF THE 7TH
Lakeland Flying Tigers batting - Pitching for Winston-Salem Dash : RHP Alfie Bungledorf
Batting: SHB Chris Wagler 0-0: Ball
1-0: Foul Ball, location: 2F
1-1: Foul Ball, location: 2F
1-2: Ball
2-2: DOUBLE (Flyball, 89D, EV 99.4 MPH)
Pitching: RHP Dicky Goedhart
Batting: RHB John Evancho 0-0: Foul Ball, location: 2F
0-1: Ball
1-1: Ground out 5-3 (Groundball, 56, EV 88.1 MPH)
Batting: RHB Carlos Armenteros 0-0: Called Strike
0-1: Called Strike
0-2: Strikes out swinging
Batting: RHB Jamie Villagrana 0-0: Called Strike
0-1: Swinging Strike
0-2: Ball
1-2: Ball
2-2: Ball
3-2: Strikes out looking
Bottom of the 7th over - 0 runs, 1 hit, 0 errors, 1 left on base; Winston-Salem 4 - Lakeland 0
TOP OF THE 8TH
Winston-Salem Dash batting - Pitching for Lakeland Flying Tigers : RHP Nate Mull
Batting: LHB Josh Pittman 0-0: Ball
1-0: Called Strike
1-1: Foul Ball, location: 2F
1-2: Strikes out swinging
Batting: LHB Herkko Haavikko 0-0: Ball
1-0: Foul Ball, location: 2F
1-1: Ball
2-1: Ground out 5-3 (Groundball, 56, EV 101.2 MPH)
Batting: LHB Jason Bell 0-0: Called Strike
0-1: Ball
1-1: Foul Ball, location: 2F
1-2: Ball
2-2: Foul Ball, location: 2F
2-2: SOLO HOME RUN (Flyball, 9D, EV 92.5 MPH), Distance : 367 ft
Batting: LHB Matt Hyde 0-0: Called Strike
0-1: Foul Ball, location: 2F
0-2: Fly out, F7 (Line Drive, 78D, EV 109.4 MPH)
Top of the 8th over - 1 run, 1 hit, 0 errors, 0 left on base; Winston-Salem 5 - Lakeland 0
BOTTOM OF THE 8TH
Lakeland Flying Tigers batting - Pitching for Winston-Salem Dash : RHP Dicky Goedhart
Batting: LHB Afanasy Zasekin 0-0: Called Strike
0-1: Called Strike
0-2: Strikes out looking
Batting: RHB Brandon O'Malley 0-0: Ball
1-0: Ball
2-0: Called Strike
2-1: Ball
3-1: Base on Balls
Batting: RHB Adam MacConnell 0-0: Swinging Strike
0-1: Swinging Strike
0-2: SINGLE (Line Drive, 34D, EV 96.2 MPH)
Brandon O'Malley to second
Runner from 2nd tries for 3rd, SAFE, throw by RF made to third
Batting: LHB Frank McConnell 0-0: Called Strike
0-1: Ball
1-1: Swinging Strike
1-2: Foul Ball, location: 2F
1-2: Ball
2-2: Ball
3-2: Strikes out swinging
Pitching: RHP Mike Mik
Batting: RHB Luke Feeney 0-0: Ball
1-0: Called Strike
1-1: Ball
2-1: Ball
3-1: Fly out, F8 (Line Drive, 8LD, EV 90.0 MPH)
Bottom of the 8th over - 0 runs, 1 hit, 0 errors, 2 left on base; Winston-Salem 5 - Lakeland 0
TOP OF THE 9TH
Winston-Salem Dash batting - Pitching for Lakeland Flying Tigers : RHP Nate Mull
Pinch Hitting: LHB Dalton Silveira 0-0: Called Strike
0-1: Swinging Strike
0-2: Strikes out swinging
Batting: RHB Russ Cornett 0-0: Ball
1-0: Ground out 6-3 (Groundball, 6, EV 85.6 MPH)
Batting: SHB Josh Conner 0-0: Ball
1-0: Ball
2-0: Ground out U3 (Groundball, 3, EV 82.5 MPH)
Top of the 9th over - 0 runs, 0 hits, 0 errors, 0 left on base; Winston-Salem 5 - Lakeland 0
BOTTOM OF THE 9TH
Lakeland Flying Tigers batting - Pitching for Winston-Salem Dash : RHP Mike Mik
Now at 2B: Dalton Silveira
Batting: SHB Chris Wagler 0-0: Called Strike
0-1: Called Strike
0-2: Fly out, F8 (Line Drive, 89D, EV 95.0 MPH)
Batting: RHB John Evancho 0-0: Called Strike
0-1: Ball
1-1: Ball
2-1: Ball
3-1: TRIPLE (Flyball, 89XD, EV 102.5 MPH)
Batting: RHB Carlos Armenteros 0-0: Ball
1-0: Ground out 5-3 (Groundball, 56, EV 81.2 MPH)
John Evancho scores
Batting: RHB Jamie Villagrana 0-0: Ball
1-0: Foul Ball, location: 2F
1-1: Ground out 6-3 (Groundball, 6M, EV 92.5 MPH)
Bottom of the 9th over - 1 run, 1 hit, 0 errors, 0 left on base; Winston-Salem 5 - Lakeland 1
Tuesday, September 13th , 2022 - OOTP Baseball 23.7 Build 88